 Dungeon Crawl Stone Soup version 0.23-a0-808-gd21de94 (webtiles) character file.

1025 MalarOregon the Ducker (level 8, 0/61 HPs)
             Began as a Merfolk Venom Mage on Jan 20, 2019.
             Slain by a wight
             ... wielding a cursed +2 spear
              (1 damage)
             ... on level 6 of the Dungeon.
             The game lasted 00:18:26 (6149 turns).

MalarOregon the Ducker (Merfolk Venom Mage)         Turns: 6149, Time: 00:18:27

Health: 0/61       AC:  9    Str:  9    XL:     8   Next: 23%
Magic:  11/11      EV: 14    Int: 16    God:
Gold:   219        SH:  0    Dex: 14    Spells: 3/13 levels left

rFire    . . .     SeeInvis +   w - +1 dagger "Wiqullep" {venom, rPois rN+ SInv Stlth+} (curse)
rCold    + . .     Gourm    .   (no shield)
rNeg     + . .     Faith    .   g - +0 leather armour {MR+}
rPois    +         Spirit   .   f - +0 helmet
rElec    .         Reflect  .   i - +2 cloak
rCorr    .         Harm     .   (no gloves)
MR       +....                  (no boots)
Stlth    ++........             (no amulet)
HPRegen  0.20/turn              o - ring of protection from cold
MPRegen  0.12/turn              (no ring)

@: hasted, heavily drained, very quick
A: change form in water, swift swim, stealthy swim, iridescent scales 1, low mp
1
a: no special abilities


You were on level 6 of the Dungeon.
You were not hungry.

You visited 1 branch of the dungeon, and saw 6 of its levels.

You collected 219 gold pieces.

Inventory:

Hand Weapons
 a - a +0 trident
   (You took it off an orc on level 4 of the Dungeon)
 b - a +3 trident of freezing
   (You took it off a wight on level 5 of the Dungeon)
 w - the cursed +1 dagger "Wiqullep" (weapon) {venom, rPois rN+ SInv Stlth+}
   (You found it on level 5 of the Dungeon)

   It poisons the flesh of those it strikes.
   It protects you from poison.
   It protects you from negative energy.
   It lets you see invisible.
   It makes you more stealthy.
   It has a curse placed upon it.
Armour
 f - a +0 helmet (worn)
   (You took it off Robin on level 2 of the Dungeon)
 g - a +0 leather armour of magic resistance (worn)
   (You took it off an orc priest on level 4 of the Dungeon)
 h - a scarf of cloud immunity
   (You found it on level 4 of the Dungeon)
 i - a +2 cloak (worn)
   (You found it on level 2 of the Dungeon)
Jewellery
 o - a ring of protection from cold (left hand)
   (You found it on level 2 of the Dungeon)
Wands
 q - a wand of enslavement (22)
   (You found it on level 3 of the Dungeon)
Scrolls
 c - 2 scrolls of magic mapping
 k - a scroll of enchant armour
 l - a scroll of immolation {!r}
 p - 2 scrolls of teleportation {@r4}
 u - a scroll of enchant weapon
 v - a scroll of identify {@r1}
Potions
 t - a potion of flight
Comestibles
 e - 13 rations {!d}


   Skills:
 * Level 4.9(3.4) Fighting
 + Level 0.6(0.0) Short Blades
 - Level 3.5(2.0) Polearms
 + Level 0.7(0.0) Armour
 * Level 6.3(4.8) Dodging
 + Level 2.4(1.0) Stealth
 + Level 3.3(1.9) Spellcasting
 - Level 0.7(0.0) Conjurations
 * Level 6.1(4.5) Poison Magic
 + Level 1.0(0.0) Evocations


You had 3 spell levels left.
You knew the following spells:

 Your Spells              Type           Power        Failure   Level  Hunger
a - Sting                 Conj/Pois      #...         12%         1    #......
f - Mephitic Cloud        Conj/Pois/Air  #.......     43%         3    ###....
x - Poisonous Vapours     Pois/Air       #.....       17%         2    ###....
y - Olgreb's Toxic Radia  Pois           ###.....     41%         4    #####..

Your spell library contained the following spells:

 Spells                   Type           Power        Failure   Level  Hunger
 Venom Bolt               Conj/Pois      #.........   97%         5    ######.


Dungeon Overview and Level Annotations

Branches:
Dungeon (6/15)
 Temple: D:4-7

Altars:
Kikubaaqudgha
Okawaru
Ru
Sif Muna
Uskayaw
Zin


Innate Abilities, Weirdness & Mutations

You revert to your normal form in water You are very nimble and swift while swimming.
You are very stealthy in the water. (Stealth+)
You are partially covered in iridescent scales. (AC +2)
Your magical capacity is low. (-10% MP)


Message History

You feel yourself speed up. The wight hits you but does no damage.
Unknown command.
You hit the wight but do no damage. You barely miss the wight.
The wight hits you with a cursed +2 spear.
* * * LOW HITPOINT WARNING * * *
You barely miss the wight. The wight misses you.
You hit the wight but do no damage. You closely miss the wight.
The wight hits you but does no damage.
You hit the wight but do no damage.
The wight hits you with a cursed +2 spear.
* * * LOW HITPOINT WARNING * * *
You feel better.
You hit the wight. The wight closely misses you.
You barely miss the wight. The wight barely misses you.
You barely miss the wight. You hit the wight but do no damage.
The wight hits you with a cursed +2 spear.
* * * LOW HITPOINT WARNING * * *
You closely miss the wight. The wight closely misses you.
You closely miss the wight. You hit the wight but do no damage.
The wight hits you with a cursed +2 spear.
* * * LOW HITPOINT WARNING * * *
You hit the wight but do no damage. The wight misses you.
You hit the wight but do no damage. You closely miss the wight.
The wight hits you with a cursed +2 spear.
* * * LOW HITPOINT WARNING * * *
You partially resist.
You feel drained.
You feel better.
The wight hits you with a cursed +2 spear.
* * * LOW HITPOINT WARNING * * *
You hit the wight. You closely miss the wight.
The wight hits you with a cursed +2 spear.
* * * LOW HITPOINT WARNING * * *
You partially resist.
You feel drained.
You hit the wight but do no damage.
The wight hits you with a cursed +2 spear.
* * * LOW HITPOINT WARNING * * *
You hit the wight. You hit the wight but do no damage.
The wight hits you but does no damage.
You closely miss the wight. The wight barely misses you.
You completely miss the wight. You hit the wight but do no damage.
The wight hits you with a cursed +2 spear!
* * * LOW HITPOINT WARNING * * *
You partially resist.
You feel drained.
You die...

**,*****,,,,,,,,,,,,
****,....#*,,,,,,,,,,,,
*,,,,,...........,,,,,,
*,*,,,...#.......,,,,,,
*,*,,,..........,,,,,,,
*,***,#.#......,,,,,,,,
*,,,,,#.#....#****,,,,,
***####.#..(.# *,,,,,
#.z@.#....# *,,,,,
*****#.##....).# *,,,,,
*<,,,#....###.## *,,,,,
****,##...##..<#####...,,
**,#...###.........#***
*,,#..#....#########
*,*#..#.###* *,,....,*
**####***


You could see a wight.

Vanquished Creatures
  Sigmund (D:4)
  A phantom (D:5)
  2 wights (D:5)
  A crimson imp (D:5)
  A hound (D:4)
  Crazy Yiuf (D:2)
  2 orc priests
  5 orc wizards
  An iguana (D:5)
  3 worker ants
  A hound skeleton (D:4)
  Robin (D:2)
  A worker ant zombie (D:5)
  5 gnolls
  8 adders
  An ooze (D:3)
  A worm (D:2)
  3 dart slugs
  5 leopard geckos
  27 orcs
  3 ball pythons
  5 bats
  4 giant cockroaches
  12 goblins
  13 hobgoblins
  4 jackals
  7 kobolds
  3 quokkas
  6 frilled lizards
  A giant cockroach zombie (D:5)
  A leopard gecko skeleton (D:4)
  A quokka zombie (D:5)
  26 rats
157 creatures vanquished.

Notes
Turn   | Place    | Note
-------+----------+-------------------------------------------
     0 | D:1      | MalarOregon the Merfolk Venom Mage began the quest for the
                  | Orb.
     0 | D:1      | Reached XP level 1. HP: 13/13 MP: 3/3
   379 | D:1      | Reached XP level 2. HP: 20/20 MP: 0/5
   477 | D:1      | Reached skill level 1 in Fighting
   846 | D:2      | Found a runed door.
   873 | D:2      | Reached XP level 3. HP: 26/26 MP: 4/6
   967 | D:2      | HP: 1/26 [worm (10)]
  1275 | D:1      | Learned a level 2 spell: Poisonous Vapours
  1729 | D:2      | Reached XP level 4. HP: 32/33 MP: 2/7
  1763 | D:2      | Noticed Robin
  1794 | D:2      | Killed Robin
  2123 | D:2      | Found a glowing silver altar of Zin.
  2189 | D:2      | Reached XP level 5. HP: 10/39 MP: 0/8
  2440 | D:2      | Found an iron altar of Okawaru.
  2695 | D:2      | Noticed Crazy Yiuf
  2710 | D:2      | Killed Crazy Yiuf
  2808 | D:3      | Learned a level 3 spell: Mephitic Cloud
  2889 | D:3      | Reached skill level 1 in Polearms
  2893 | D:3      | Reached XP level 6. HP: 39/47 MP: 5/9
  3357 | D:3      | Reached skill level 5 in Dodging
  3357 | D:3      | Reached skill level 5 in Poison Magic
  3567 | D:4      | Learned a level 4 spell: Olgreb's Toxic Radiance
  3617 | D:4      | Noticed Sigmund
  3649 | D:4      | Killed Sigmund
  3649 | D:4      | Reached XP level 7. HP: 39/53 MP: 8/11
  3818 | D:4      | Found a deep blue altar of Sif Muna.
  3819 | D:4      | Found a sacrificial altar of Ru.
  3965 | D:4      | Found an ancient bone altar of Kikubaaqudgha.
  4434 | D:5      | Entered Level 5 of the Dungeon
  4529 | D:5      | Found a hide-covered altar of Uskayaw.
  5095 | D:5      | Reached XP level 8. HP: 61/61 MP: 10/12
  5096 | D:5      | Found a glowing silver altar of Zin.
  5123 | D:5      | Got an encrusted dagger
  5139 | D:5      | Identified the cursed +1 dagger "Wiqullep" {venom, rPois
                  | rN+ SInv Stlth+} (You found it on level 5 of the Dungeon)
  5446 | D:5      | Gained mutation: Your magical capacity is low. (-10% MP)
                  | [potion of mutation]
  5446 | D:5      | Gained mutation: You are partially covered in iridescent
                  | scales. (AC +2) [potion of mutation]
  5819 | D:6      | Noticed a shadow
  5935 | D:5      | Reached skill level 1 in Evocations
  6129 | D:6      | HP: 3/61 [wight/cursed +2 spear (5)]
  6149 | D:6      | HP: 1/61 [wight/cursed +2 spear (8)]
  6149 | D:6      | Slain by a wight

Vault maps used:
D:1:      lemuel_arrival_room
D:2:      nicolae_overflow_crystal_walls, okawaru_trees_1, grunt_decor_cap,
          minmay_rat_hole, uniq_crazy_yiuf_cottage, uniq_robin
D:3:      minmay_angry_zag
D:4:      chequers_temple_overflow_statue_of_worship, uniq_sigmund
D:5:      eat_drink_and_be_merry_uskayaw, first_ration, basic_altar
D:6:      nicolae_ossuary_entry_giza

Skill      XL: |  1  2  3  4  5  6  7  8 |
---------------+-------------------------+-----
Dodging        | 3 4 5 6 |  6.3
Fighting       | 1 2 3 4 |  4.9
Poison Magic   | 4 5 6 |  6.1
Polearms       | 1 2 3 |  3.5
Spellcasting   | 3 |  3.3
Evocations     | 1 |  1.0
Short Blades   | |  0.6
Armour         | |  0.7
Stealth        | |  2.4
Conjurations   | |  0.7

Action                   |  1- 3 |  4- 6 |  7- 9 || total
-------------------------+-------+-------+-------++-------
Melee: Dagger            |   105 |    71 |   224 ||   400
       Spear             |       |   116 |   222 ||   338
       Trident           |       |       |    73 ||    73
 Cast: Sting             |    37 |     4 |     1 ||    42
       Poisonous Vapours |    11 |    51 |    33 ||    95
       Mephitic Cloud    |       |     1 |       ||     1
  Use: Scroll            |     4 |     4 |     4 ||    12
       Potion            |       |       |     9 ||     9
 Stab: Sleeping          |     5 |     1 |     4 ||    10
       Distracted        |       |     1 |       ||     1
  Eat: Chunk             |     4 |    10 |     8 ||    22
       Ration            |       |       |     1 ||     1
Armor: Robe              |    30 |    50 |    11 ||    91
       Leather armour    |       |       |    89 ||    89
Dodge: Dodged            |    91 |   164 |   313 ||   568

Table legend:
 A = Non-vault XP
 B = Vault XP
 C = Vault XP percentage of total XP
 D = Non-vault monster count
 E = Vault monster count
 F = Vault count percentage of total count
                 A         B        C        D         E       F
            +---------+---------+-------+---------+---------+-------
      Total |    1142 |     323 |  22.0 |     119 |      38 |  24.2
            +---------+---------+-------+---------+---------+-------
        D:1 |      32 |       0 |   0.0 |      15 |       0 |   0.0
        D:2 |     116 |      98 |  45.8 |      25 |      32 |  56.1
        D:3 |     249 |      20 |   7.4 |      31 |       5 |  13.9
        D:4 |     247 |     205 |  45.4 |      23 |       1 |   4.2
        D:5 |     498 |       0 |   0.0 |      25 |       0 |   0.0
            +---------+---------+-------+---------+---------+-------
